 Dungeon Crawl Stone Soup version 0.29.1-1-gd02db6906a (webtiles) character file.

Game seed: 17216729556124958990

212 Kaiern the Caller (level 5, -2/33 HPs)
             Began as an Octopode Summoner on Oct 6, 2022.
             Slain by a black bear (5 damage)
             ... on level 5 of the Dungeon.
             The game lasted 00:18:09 (3871 turns).

Kaiern the Caller (Octopode Summoner)               Turns: 3871, Time: 00:18:10

Health: -2/33      AC:  5    Str:  8    XL:     5   Next: 90%
Magic:  2/9        EV: 17    Int: 19    God:
Gold:   196        SH:  0    Dex: 12    Spells: 1/10 levels left

rFire   . . .      SeeInvis .   d - +0 sling
rCold   . . .      Faith    .   (no shield)
rNeg    . . .      Spirit   .   (helmet restricted)
rPois   +          Reflect  .   (no amulet)
rElec   .          Harm     .   f - +4 ring of protection
rCorr   .          Rampage  .   i - ring of poison resistance
Will    .....                   j - +4 ring of evasion
Stlth   +++.......              q - ring of wizardry
HPRegen 0.11/turn               (no ring)
MPRegen 0.11/turn               (no ring)
                                (no ring)
                                (no ring)

@: about to teleport
A: almost no armour, amphibious, 8 rings, camouflage 1, gelatinous body 1,
(nimble swimmer 1), tentacles
a: no special abilities


You were on level 5 of the Dungeon.
You visited 2 branches of the dungeon, and saw 6 of its levels.

You collected 196 gold pieces.

Inventory:

Hand Weapons
 d - a +0 sling (weapon)
Jewellery
 f - a +4 ring of protection (left tentacle)
 i - a ring of poison resistance (right tentacle)
 j - a +4 ring of evasion (on tentacle)
 q - a ring of wizardry (on tentacle)
Scrolls
 b - 2 scrolls of identify
 e - 2 scrolls of vulnerability
 g - a scroll of teleportation
Potions
 a - a potion of magic
 c - a potion of cancellation {unknown}
 h - a potion of brilliance {unknown}
 k - a potion of might {unknown}
 l - 3 potions of curing
 m - 2 potions of heal wounds {unknown}
 o - 2 potions of mutation {unknown}
 p - a potion of ambrosia {unknown}
 r - a potion of haste {unknown}
 s - a potion of berserk rage {unknown}
 t - a potion of flight {unknown}


   Skills:
 + Level 1.5 Fighting
 + Level 3.3 Dodging
 - Level 3.8 Stealth
 + Level 3.2 Spellcasting
 + Level 4.9 Summonings


You had one spell level left.
You knew the following spells:

 Your Spells              Type           Power      Damage    Failure   Level
a - Summon Small Mammal   Summ           84%        N/A       1%          1
b - Call Imp              Summ           21%        N/A       1%          2
c - Call Canine Familiar  Summ           21%        N/A       2%          3
d - Summon Guardian Gole  Hex/Summ       12%        N/A       6%          3

Your spell library contained the following spells:

 Spells                   Type           Power      Damage    Failure   Level
 Poisonous Vapours        Pois/Air       6%         N/A       9%          2
 Summon Lightning Spire   Summ/Air       12%        N/A       21%         4
 Corpse Rot               Necr/Pois/Air  3%         N/A       50%         4


Dungeon Overview and Level Annotations

Branches:
Dungeon (5/15)             Temple (1/1) D:4

Altars:
Ashenzari
Cheibriados
Dithmenos
Elyvilon
Fedhas
Makhleb
Nemelex Xobeh
Okawaru
Sif Muna
Trog
Yredelemnul
Zin
The Shining One

Shops:
D:2 ?

Annotations:
D:2 Terence
D:3 1 runed translucent door, Crazy Yiuf, Grinder


Innate Abilities, Weirdness & Mutations

You cannot wear most types of armour.
You are amphibious.
You can wear up to eight rings at the same time.
Your skin changes colour to match your surroundings (Stealth+).
Your rubbery body absorbs attacks. (AC +1, EV +1)
((You are camouflaged when in or above water. (Stealth+)))
You have tentacles for arms and can constrict up to eight enemies at once.


Message History

The black bear claws your hound.
The black bear closely misses your hound.
The gnoll completely misses you.
Your hound bites the black bear.
Fire: d) +0 sling
Press: ? - help, Q - select action, (/) - cycle Shift-Dir - straight line, f/p - gnoll
Aim: a gnoll, wielding a +0 spear (lightly wounded, covering ground quickly, 56% to hit)
You shoot a sling bullet. The sling bullet hits the gnoll.
The gnoll is moderately wounded.
Your attacks no longer feel as feeble.
Your hound bites the black bear.
The orc closely misses you. x2
The black bear goes berserk!
The gnoll hits you with a +0 spear.
Your hound bites the black bear but does no damage.
The orc barely misses you. The black bear bites your hound!
Your hound dies!
Your hound's corpse disappears in a puff of smoke!
The orc barely misses you.
The black bear growls angrily.
As you read the scroll of teleportation, it crumbles to dust.
You feel strangely unstable. The gnoll hits you but does no damage.
The black bear misses you. The black bear barely misses you.
The black bear closely misses you. The orc closely misses you. x2
Fire: d) +0 sling
Press: ? - help, Q - select action, (/) - cycle Shift-Dir - straight line, f/p - gnoll
Aim: a gnoll, wielding a +0 spear (moderately wounded, covering ground quickly, 56% to hit)
You shoot a sling bullet. The sling bullet hits the gnoll.
The gnoll is severely wounded.
The black bear bites you but does no damage.
The black bear misses you. The black bear claws you.
The gnoll hits you with a +0 spear. The black bear misses you.
The black bear claws you but does no damage. x2
The orc completely misses you. The orc barely misses you.
The gnoll hits you with a +0 spear!
* * * LOW HITPOINT WARNING * * *
Fire: d) +0 sling
Press: ? - help, Q - select action, (/) - cycle Shift-Dir - straight line, f/p - gnoll
Aim: a gnoll, wielding a +0 spear (heavily wounded, covering ground quickly, 56% to hit)
You shoot a sling bullet.
The sling bullet closely misses the gnoll.
The black bear bites you.
You die...

#.....# #.....# #.....##
#...# ##......# #...#
#.......### #...#
##.....>...######...##
#...........[........#
#....######.oho.......##
#..).# ###@g........##.
.....# ###...<.......
..... ###........# ....
##.......# ....
#.......# ..g ........#
........# ........#
.........#


You could see a black bear (berserk), a gnoll (swift) and 2 orcs.

Vanquished Creatures
  2 dart slugs
  2 ball pythons
  A bat (D:3)
  2 endoplasms
  4 giant cockroaches
  2 goblins (D:1)
  5 hobgoblins
  A quokka (D:4)
  A frilled lizard (D:3)
  2 kobolds (D:1)
  3 rats
25 creatures vanquished.

Vanquished Creatures (collateral kills)
  A scorpion (D:4)
  A hound (D:4)
  An orc wizard (D:4)
  2 adders
  2 gnolls
  2 dart slugs
  4 endoplasms
  3 giant cockroaches
  A goblin (D:4)
  3 hobgoblins
  3 quokkas (D:2)
  7 ball pythons
  4 bats
  2 frilled lizards
  4 kobolds
40 creatures vanquished.

Vanquished Creatures (others)
  A wizard (D:3)
1 creature vanquished.

Grand Total: 66 creatures vanquished

Notes
Turn   | Place    | Note
-------+----------+-------------------------------------------
     0 | D:1      | Kaiern the Octopode Summoner began the quest for the Orb.
     0 | D:1      | Reached XP level 1. HP: 11/11 MP: 3/3
   222 | D:1      | Reached XP level 2. HP: 10/17 MP: 1/5
   357 | D:1      | Learned a level 2 spell: Call Imp
   598 | D:1      | Found a faded altar of an unknown god.
   716 | D:1      | Reached XP level 3. HP: 19/21 MP: 3/6
   720 | D:1      | Learned a level 3 spell: Call Canine Familiar
  1435 | D:2      | Noticed Terence
  1932 | D:2      | Reached XP level 4. HP: 27/27 MP: 7/7
  2029 | D:2      | Found Muditsang's Magic Scroll Boutique.
  2033 | D:2      | Found a broken altar of Ashenzari.
  2173 | D:3      | Found a basalt altar of Yredelemnul.
  2219 | D:3      | Found a sparkling altar of Nemelex Xobeh.
  2251 | D:3      | Found a runed translucent door.
  2252 | D:3      | Noticed Crazy Yiuf
  2412 | D:3      | Found a bloodstained altar of Trog.
  2417 | D:3      | Noticed a wizard
  2422 | D:3      | Killed a wizard
  2546 | D:3      | Noticed Grinder
  2683 | D:4      | Found a staircase to the Ecumenical Temple.
  2704 | D:4      | Noticed a scorpion
  2707 | Temple   | Entered the Ecumenical Temple
  2869 | D:4      | Killed a scorpion
  2870 | D:4      | Reached skill level 1 in Fighting
  2870 | D:4      | Reached XP level 5. HP: 33/33 MP: 3/9
  2995 | D:4      | Found a burning altar of Makhleb.
  3278 | D:4      | Identified the +0 leather armour of Gallantry {Drain Will+
                  | Slay+3}
  3465 | D:5      | Entered Level 5 of the Dungeon
  3486 | D:5      | Noticed a black bear
  3491 | D:5      | Learned a level 3 spell: Summon Guardian Golem
  3626 | D:5      | Noticed a yak
  3626 | D:5      | Noticed a yak
  3626 | D:5      | Noticed a yak
  3626 | D:5      | Noticed a yak
  3626 | D:5      | Noticed a yak
  3871 | D:5      | Slain by a black bear

Illustrated notes

Levels and vault maps discovered:
D:1:      onia_arrival_pyramid, layout_loops_corners,
          hellmonk_ecumenical_altar_lost_god
D:2:      layout_basic, basic_altar, serial_shops, shop, uniq_terence
D:3:      layout_basic, yredelemnul_altar_generic, old_standard_altar,
          trog_wizard, uniq_grinder, uniq_crazy_yiuf_cottage
D:4:      layout_basic, lightli_temple_of_fire,
          minmay_temple_entry_statues_fountains
D:5:      layout_layer_cave, mainiacjoe_overflow_paths,
          nicolae_overflow_hidden_temple, uniq_eustachio
Temple:   nicolae_temple_bog_church

Skill      XL: |  1  2  3  4 |
---------------+-------------+-----
Stealth        | 3 |  3.8
Fighting       | 1 |  1.5
Dodging        | 3 |  3.3
Spellcasting   | 3 |  3.2
Summonings     | |  4.9

Action                   |  1- 3 |  4- 6 || total
-------------------------+-------+-------++-------
Melee: Unarmed           |     2 |       ||     2
       Tentacles         |     1 |     1 ||     2
       Sling             |       |     2 ||     2
 Fire: Sling             |    87 |    39 ||   126
 Cast: Summon Small Mamm |    24 |    10 ||    34
       Call Imp          |    17 |    11 ||    28
       Call Canine Famil |       |     9 ||     9
  Use: Scroll            |       |     8 ||     8
Armor: Skin              |    11 |    22 ||    33
Dodge: Dodged            |    82 |    54 ||   136
